 Dungeon Sprint DCSS version 0.30-a0-4-ga7cffc901d (webtiles) character file.

Game seed: 10738102142905388756

3589 mhtbhm the Imperceptible (level 9, -4/50 HPs)
             Began as a Spriggan Brigand on Aug 21, 2022.
             Was a High Priest of Dithmenos.
             Killed from afar by an orc sorcerer (36 damage)
             ... with a bolt of fire
             ... in the Dungeon (Sprint III: "The Ten Rune Challenge").
             The game lasted 00:07:03 (2143 turns).

mhtbhm the Imperceptible (Spriggan Brigand)         Turns: 2143, Time: 00:07:03

Health: -4/50      AC:  5    Str:  7    XL:     9   Next: 85%
Magic:  16/16      EV: 21    Int: 13    God:    Dithmenos [*****.]
Gold:   57         SH:  0    Dex: 20    Spells: 7/9 levels left

rFire   . . .      SeeInvis +    a - +2 dagger
rCold   . . .      Faith    .    (no shield)
rNeg    . . .      Spirit   .    b - +0 robe
rPois   .          Reflect  .    (helmet restricted)
rElec   .          Harm     .    c - +0 cloak
rCorr   .          Rampage  .    (gloves unavailable)
Will    ++...      NoTele   +    (boots unavailable) Stlth ****++++++
                                 (no amulet)
HPRegen 0.16/turn                (no ring)
MPRegen 0.15/turn                (no ring)

@: wreathed by umbra, very quick
A: very small, no large weapons, unfitting armour, see invisible, speed 3,
iridescent scales 1, strong-willed 1, robust 1
a: Renounce Religion, Shadow Step, Shadow Form


You were in the Dungeon.
You worshipped Dithmenos.
Dithmenos was extremely pleased with you.
You visited 1 branch You collected 57 gold pieces.

Inventory:

Hand Weapons
 a - a +2 dagger (weapon)
Armour
 b - a +0 robe (worn)
 c - a +0 cloak (worn)
Scrolls
 k - a scroll of blinking
 m - a scroll of immolation
 n - a scroll of identify
 p - a scroll of poison
Potions
 f - 2 potions of curing
 g - a potion of berserk rage
 h - a potion of haste
 i - 2 potions of magic
 j - a potion of might
 l - a potion of brilliance {unknown}
 o - 2 potions of flight
 q - 4 potions of mutation
Miscellaneous
 r - a piece from Xom's chessboard (13/15)


   Skills:
 + Level 4.7 Fighting
 + Level 8.3 Short Blades
 + Level 10.6 Throwing
 + Level 6.2 Dodging
 + Level 23.2 Stealth
 + Level 0.7 Spellcasting
 + Level 0.8 Transmutations
 * Level 8.8 Invocations
 + Level 3.1 Evocations


You had 7 spell levels left.
You knew the following spells:

 Your Spells              Type           Power      Damage    Failure   Level
a - Wereblood             Tmut           2%         N/A       30%         2

Your spell library contained the following spells:

 Spells                   Type           Power      Damage    Failure   Level
 Beastly Appendage        Tmut           4%         N/A       21%         1
 Spider Form              Tmut/Pois      1%         N/A       58%         3
 Leda's Liquefaction      Hex/Erth       0%         N/A       96%         4
 Lee's Rapid Deconstruct  Erth           0%         3d5*      100%        5
 Statue Form              Tmut/Erth      0%         N/A       100%        6


Dungeon Overview and Level Annotations

Branches:
Dungeon (1/1)

Altars:
Cheibriados
Dithmenos
Elyvilon
Fedhas
Gozag
Hepliaklqana
Kikubaaqudgha
Makhleb
Nemelex Xobeh
Okawaru
Qazlal
Ru
Sif Muna
Trog
Uskayaw
Vehumet
Wu Jian
Xom
Yredelemnul
Zin
The Shining One
Jiyva
Lugonu


Innate Abilities, Weirdness & Mutations

You are very small and have problems with some larger weapons.
You are too small for most types of armour.
You have supernaturally acute eyesight. (SInv)
You cover ground extremely quickly. (Speed+++)
You are partially covered in iridescent scales. (AC +2)
You are strong-willed. (Will+)
You are robust. (+10% HP)


Message History

Okay, then.
Throw: 2 darts (poison)
Press: ? - help, Q - select action, (/) - cycle Shift-Dir - straight line, f - orc sorcerer
Aim: an orc sorcerer, wielding a +0 dagger of venom and wearing a +0 robe (wandering, inner flame, hasn't noticed you, umbra, 63% to hit)
You throw a poisoned dart.
The poisoned dart closely misses the orc sorcerer.
The orc priest's inner flame fades away.
The orc sorcerer casts a spell at you. You resist with almost no effort.
The orc priest calls down the wrath of Beogh upon you.
Beogh smites you!
You see here a poisoned dart.
d - 2 poisoned darts (gained 1)
The orc warrior's inner flame fades away.
The orc's inner flame fades away.
Throw: 2 darts (poison)
Press: ? - help, Q - select action, (/) - cycle Shift-Dir - straight line, f/p - orc sorcerer
Aim: an orc sorcerer, wielding a +0 dagger of venom and wearing a +0 robe (inner flame, umbra, 63% to hit)
You throw a poisoned dart.
The poisoned dart barely misses the orc sorcerer.
The poisoned dart hits the orc wizard!
The orc wizard is poisoned.
Unknown command.
Throw: dart (poison)
Press: ? - help, Q - select action, (/) - cycle Shift-Dir - straight line, f - orc wizard, p - orc sorcerer
Aim: an orc wizard, wielding a +0 dagger and wearing a +0 robe (inner flame, very poisoned, umbra, 63% to hit)
You throw a poisoned dart. The poisoned dart hits the orc warrior!
The orc warrior is poisoned.
Unknown command.
Unknown command.
Unknown command.
You make a move on Xom's chessboard...
The orc seems to speed up.
The orc sorcerer's inner flame fades away.
Unknown command.
Unknown command.
You make a move on Xom's chessboard...
The orc sorcerer resists with some effort.
The orc sorcerer gestures at you while chanting.
The bolt of fire hits you!!!
Ouch! That really hurt!
You die...

♣.############$# #
♣.#___#___#__#$#####o$
♣.#...#__)#._#oo.o.olo
♣♣♣.###'#'###'##oo..ooo.
♣...#..........#oo.ooo.o
..♣.'.⌠)......)#°#
~♣..#...######'#)#
....#.⌠.#__#...#)################
....#...#__#.).#@...#.#.#)....#..
....#'###__#...##)#..#.##.###.#..
....#.))#__#...'##.#.#.##.#).##..
....#___#__'...#...#..#..##.)'..^
▓▓▓▓▓▓▓▓▓▓▓▓▓▓▓▓▓▓▓▓▓▓▓▓▓▓▓▓▓#^..
♣~~~........~~~...#.^.
+♣≈≈≈≈≈≈≈≈≈≈≈≈♣♣P.'..^
♣♣♣♣♣♣♣♣♣♣♣♣♣♣♣PP#^^. ♣♣♣##+#


You could see an orc sorcerer, an orc warrior (very poisoned), an orc priest, an
orc wizard (inner flame, very poisoned) and 2 orcs.

Vanquished Creatures
  Erolcha (D)
  A deep elf pyromancer (D)
  An orc knight (D)
  A shadow (D)
  2 redbacks (D)
  A spatial vortex (D)
  3 wandering mushrooms (D)
  An orc warrior (D)
  5 two-headed ogres (D)
  A necrophage (D)
  A water elemental (D)
  A jelly (D)
  Crazy Yiuf (D)
  Jessica (D)
  A wizard (D)
  An orc wizard (D)
  A necromancer (D)
  3 humans (D)
  A kobold demonologist (D)
  An orc (D)
  An endoplasm (D)
  2 rats (D)
32 creatures vanquished.

Notes
Turn   | Place    | Note
-------+----------+-------------------------------------------
     0 | D        | mhtbhm the Spriggan Brigand began the quest for the Orb.
     0 | D        | Reached XP level 1. HP: 10/10 MP: 2/2
     5 | D        | Reached skill level 6 in Stealth
    12 | D        | Noticed Jessica
    15 | D        | Killed Jessica
    16 | D        | Reached skill level 9 in Stealth
    16 | D        | Reached XP level 2. HP: 15/15 MP: 3/3
    19 | D        | Reached XP level 3. HP: 18/18 MP: 4/4
    73 | D        | Reached skill level 10 in Stealth
   174 | D        | Noticed Crazy Yiuf
   186 | D        | Killed Crazy Yiuf
   187 | D        | Reached skill level 11 in Stealth
   187 | D        | Reached XP level 4. HP: 23/23 MP: 5/5
   221 | D        | Gained mutation: You are robust. (+10% HP) [potion of
                  | mutation]
   221 | D        | Gained mutation: You are partially covered in iridescent
                  | scales. (AC +2) [potion of mutation]
   221 | D        | Gained mutation: You are strong-willed. (Will+) [potion of
                  | mutation]
   257 | D        | Noticed a water elemental
   268 | D        | Killed a water elemental
   269 | D        | Reached skill level 13 in Stealth
   320 | D        | Found a radiant altar of Vehumet.
   321 | D        | Found a shimmering blue altar of Sif Muna.
   321 | D        | Found an ancient bone altar of Kikubaaqudgha.
   321 | D        | Noticed a wizard
   322 | D        | Killed a wizard
   323 | D        | Reached skill level 14 in Stealth
   323 | D        | Reached XP level 5. HP: 29/29 MP: 6/6
   335 | D        | Learned a level 2 spell: Wereblood
   348 | D        | Found a shadowy altar of Dithmenos.
   366 | D        | Reached skill level 5 in Short Blades
   366 | D        | Reached skill level 5 in Throwing
   366 | D        | Reached skill level 15 in Stealth
   457 | D        | Found a basalt altar of Yredelemnul.
   457 | D        | Found a sacrificial altar of Ru.
   463 | D        | Became a worshipper of Dithmenos the Shadowed
   477 | D        | Found a glowing silver altar of Zin.
   478 | D        | Found a glowing golden altar of the Shining One.
   478 | D        | Found a white marble altar of Elyvilon.
   478 | D        | Noticed a deep elf pyromancer
   504 | D        | Noticed a fire elemental
   504 | D        | Killed a deep elf pyromancer
   505 | D        | Reached skill level 18 in Stealth
   505 | D        | Reached XP level 6. HP: 26/35 MP: 6/10
   505 | D        | Reached XP level 7. HP: 29/39 MP: 6/11
   613 | D        | Found a hide-covered altar of Uskayaw.
   613 | D        | Found an iron altar of Okawaru.
   614 | D        | Found a bloodstained altar of Trog.
   614 | D        | Found an ornate altar of the Wu Jian Council.
   614 | D        | Noticed a human
   614 | D        | Noticed a human
   616 | D        | Killed a human
   617 | D        | Reached skill level 19 in Stealth
   617 | D        | Killed a human
   617 | D        | Reached * piety under Dithmenos
   618 | D        | Reached skill level 5 in Invocations
   633 | D        | Noticed a shadow
   635 | D        | Killed a shadow
   636 | D        | Reached XP level 8. HP: 46/46 MP: 11/13
   640 | D        | Reached skill level 20 in Stealth
   641 | D        | Found a blossoming altar of Fedhas.
   641 | D        | Found a stormy altar of Qazlal.
   642 | D        | Found a snail-covered altar of Cheibriados.
   642 | D        | Found a burning altar of Makhleb.
   642 | D        | Found a hazy altar of Hepliaklqana.
   642 | D        | Found a shimmering altar of Xom.
   642 | D        | Found an opulent altar of Gozag.
   642 | D        | Found a sparkling altar of Nemelex Xobeh.
   642 | D        | Found a corrupted altar of Lugonu.
   642 | D        | Found a viscous altar of Jiyva.
   645 | D        | Reached ** piety under Dithmenos
   972 | D        | Noticed a two-headed ogre
   975 | D        | Killed a two-headed ogre
   975 | D        | Reached *** piety under Dithmenos
   976 | D        | Reached skill level 5 in Dodging
   976 | D        | Reached skill level 21 in Stealth
   976 | D        | Reached skill level 1 in Evocations
   981 | D        | Noticed a two-headed ogre
   981 | D        | Noticed Erolcha
   983 | D        | Killed Erolcha
   984 | D        | Reached skill level 22 in Stealth
   984 | D        | Reached XP level 9. HP: 50/50 MP: 13/15
   984 | D        | Killed a two-headed ogre
   992 | D        | Reached skill level 10 in Throwing
   999 | D        | Noticed a wandering mushroom
  1003 | D        | Noticed a wandering mushroom
  1005 | D        | Noticed a wandering mushroom
  1209 | D        | Reached **** piety under Dithmenos
  2101 | D        | Noticed an orc knight
  2103 | D        | Noticed an orc sorcerer
  2120 | D        | Killed an orc knight
  2121 | D        | Reached skill level 23 in Stealth
  2123 | D        | Reached ***** piety under Dithmenos
  2143 | D        | Killed from afar by an orc sorcerer

Illustrated notes

Levels and vault maps discovered:
D:        dungeon_sprint_mu [sprint_mu_entry_forest, sprint_mu_temple_rooms,
          sprint_mu_d1_spiders, sprint_mu_d2_genie, sprint_mu_d3_branching,
          sprint_mu_orc_legion, sprint_mu_elf_gauntlet, sprint_mu_hive_nellie,
          sprint_mu_lair_fedhas, sprint_mu_vaults_butterflies,
          sprint_mu_slime_circle, sprint_mu_shoals_kraken,
          sprint_mu_snake_twists, sprint_mu_blade_basic,
          sprint_mu_crypt_chambers, sprint_mu_tomb_spiral,
          sprint_mu_vestibule_basic, sprint_mu_gehenna_hellfire,
          sprint_mu_dis_giant, sprint_mu_tartarus_statrot,
          sprint_mu_cocytus_islands, sprint_mu_zot1]

Skill      XL: |  1  2  3  4  5  6  7  8  9 |
---------------+----------------------------+-----
Stealth        | 9 11 14 18 19 22 23 | 23.2
Fighting       | 2 3 4 |  4.7
Short Blades   | 3 4 6 7 8 |  8.3
Throwing       | 3 4 7 9 10 | 10.6
Dodging        | 2 4 5 6 |  6.2
Invocations    | 4 5 7 8 |  8.8
Evocations     | 2 3 |  3.1
Spellcasting   | |  0.7
Transmutations | |  0.8

Action                   |  1- 3 |  4- 6 |  7- 9 || total
-------------------------+-------+-------+-------++-------
Melee: Dagger            |    13 |    32 |    98 ||   143
       Punch             |     1 |     1 |     2 ||     4
Throw: Dart              |    11 |     9 |    31 ||    51
 Cast: Wereblood         |       |       |     1 ||     1
Invok: Shadow Step       |       |       |     1 ||     1
Evoke: Piece from Xom's  |       |       |     8 ||     8
  Use: Potion            |       |     3 |       ||     3
       Scroll            |       |       |     3 ||     3
 Stab: Sleeping          |     3 |     3 |    11 ||    17
Armor: Robe              |     1 |     2 |     3 ||     6
Dodge: Dodged            |     6 |     8 |    56 ||    70

Table legend: (Time is in decaauts)
 A = Elapsed time spent in this place.
 B = Non-inter-level travel time spent in this place.
 C = Inter-level travel time spent in this place.
 D = Time resting spent in this place.
 E = Time spent auto-exploring this place.
 F = Levels seen in this place.
 G = Mean time per level.
                   A        B        C        D        E       F      G
               +--------+--------+--------+--------+--------+-----+--------+
         Total |   1917 |   1917 |      0 |   1416 |      6 |   1 | 1917.0 |
       Dungeon |   1917 |   1917 |      0 |   1416 |      6 |   1 | 1917.0 |
               +--------+--------+--------+--------+--------+-----+--------+

Top non-repeatable levels by time:
       D: 1917 daAuts
